 Dungeon Crawl Stone Soup version 0.30-a0-603-g51a0fb1b98 (webtiles) character file.

Game seed: 6777347306812142582

6209 Leeroy the Grappler (level 10, -4/106 HPs)
             Began as a Black Draconian Transmuter on Jan 7, 2023.
             Was a Priest of Wu Jian.
             Slain by an orc warrior
             ... wielding a +0 war axe
              (11 damage)
             ... in a bailey.
             The game lasted 00:21:42 (10427 turns).

Leeroy the Grappler (Black Draconian Transmuter)   Turns: 10427, Time: 00:21:42

Health: -4/106     AC:  9    Str: 13    XL:     10   Next: 61%
Magic:  13/13      EV: 12    Int: 17    God:    Wu Jian [***...]
Gold:   1597       SH:  0    Dex: 12    Spells: 3/13 levels left

rFire   + . .      SeeInvis .      - Unarmed
rCold   . . .      Faith    .    j - orb {*Rage}
rNeg    . . .      Spirit   .    (body armour unavailable)
rPois   .          Reflect  .    (helmet restricted)
rElec   +          Harm     .    l - +0 cloak
rCorr   .          Rampage  .    w - +0 pair of gloves
Will    .....      Rage     20%  (no boots) Stlth
                                 G - amulet of magic regeneration
HPRegen 0.37/turn                v - ring of protection from fire
MPRegen 0.53/turn                (no ring)

@: berserking (expiring), very quick
A: breathe lightning, AC +7, unfitting armour, electricity resistance,
cold-blooded
a: Breathe Lightning, Renounce Religion, Wall Jump, Serpent's Lash


You were in a bailey.
You worshipped Wu Jian.
Wu Jian was most pleased with you.
You visited 2 branches of the dungeon, and saw 9 of its levels.
You also visited: Ossuary and Bailey.

You collected 1597 gold pieces.

Inventory:

Hand Weapons
 p - the +11 quarterstaff "Oxyzull" {freeze, Str+4}
   (You found it on level 3 of the Dungeon)

   Str:       It affects your strength (+4).
 E - a +1 spear of venom
 H - a +2 whip of electrocution
Missiles
 k - 23 poisoned darts
 u - a throwing net (quivered)
Armour
 e - the +0 pair of gloves "Doabas" {rC- rN+++ Dex-2 Stlth+}
   (You acquired it on level 8 of the Dungeon)

   Dex:       It affects your dexterity (-2).
   rC:        It makes you vulnerable to cold.
   rN:        It renders you almost immune to negative energy.
   Stlth:     It makes you more stealthy.
 j - an orb of wrath (worn)
 l - a +0 cloak (worn)
 w - a +0 pair of gloves (worn)
 F - a +2 kite shield of cold resistance
Magical Staves
 D - a staff of conjuration
 K - a staff of cold
Jewellery
 f - an amulet of faith
 v - a ring of protection from fire (left hand)
 G - an amulet of magic regeneration (around neck)
Wands
 a - a wand of polymorph (3)
 r - a wand of quicksilver (13)
Scrolls
 b - 3 scrolls of poison
 c - 6 scrolls of teleportation
 g - 4 scrolls of amnesia
 m - a scroll of summoning
 o - a scroll of blinking
 q - 2 scrolls of magic mapping
 y - 2 scrolls of fear
 A - 3 scrolls of enchant armour
 B - a scroll of identify
 J - a scroll of vulnerability
Potions
 d - 2 potions of degeneration {unknown}
 h - 2 potions of haste {unknown}
 i - 3 potions of brilliance {unknown}
 n - a potion of heal wounds
 s - a potion of might {unknown}
 t - 3 potions of flight {unknown}
 x - 3 potions of mutation {unknown}
 z - 2 potions of attraction {unknown}
 C - a potion of curing


   Skills:
 - Level 1.1 Fighting
 - Level 0.3(0.4) Short Blades
 - Level 0.3(0.4) Long Blades
 - Level 0.4(0.7) Axes
 - Level 0.3(0.5) Maces & Flails
 - Level 0.3(0.5) Polearms
 - Level 0.4 Ranged Weapons
 - Level 1.7 Dodging
 - Level 0.3 Shields
 + Level 13.3 Unarmed Combat
 - Level 2.0 Spellcasting
 - Level 0.5 Conjurations
 - Level 0.3 Hexes
 - Level 0.3 Summonings
 - Level 0.7 Necromancy
 - Level 0.3 Translocations
 - Level 9.1 Transmutations
 - Level 0.3 Fire Magic
 - Level 0.5 Air Magic
 - Level 0.2 Earth Magic
 - Level 0.5 Invocations


You had 3 spell levels left.
You knew the following spells:

 Your Spells              Type           Power      Damage    Failure   Level
a - Beastly Appendage     Tmut           64%        N/A       1%          1
b - Spider Form           Tmut/Pois      17%        N/A       9%          3
c - Ice Form              Ice/Tmut       17%        N/A       30%         4
d - Wereblood             Tmut           32%        N/A       1%          2

Your spell library contained the following spells:

 Spells                   Type           Power      Damage    Failure   Level
 Sting                    Tmut/Pois      68%        1d6       3%          1
 Necrotise                Necr           16%        1d4       14%         1
 Apportation              Tloc           4%         N/A       17%         1
 Summon Small Mammal      Summ           8%         N/A       17%         1
 Poisonous Vapours        Pois/Air       4%         N/A       26%         2
 Olgreb's Toxic Radiance  Pois           1%         N/A       88%         4


Dungeon Overview and Level Annotations

Branches:
Dungeon (8/15)             Temple (1/1) D:4         Ossuary (visited)
 Bailey (1/1)
   Lair: D:8-11

Altars:
Ashenzari
Cheibriados
Gozag
Hepliaklqana
Makhleb
Okawaru
Qazlal
Ru
Sif Muna
Trog
Uskayaw
Vehumet
Wu Jian
Yredelemnul
Zin
The Shining One

Shops:
D:6 [[[?(


Innate Abilities, Weirdness & Mutations

You can breathe wild blasts of lightning.
Your glossy black scales are hard. (AC +7)
You cannot fit into any form of body armour.
You are resistant to electric shocks. (rElec)
You are cold-blooded and may be slowed by cold attacks.


Message History

You hit the orc warrior but do no damage.
You spin and attack the goblin repeatedly.
You hit the goblin.
You kill the goblin!
The Council accepts your kill.
The orc warrior hits you but does no damage.
You punch the orc warrior!
The orc warrior is heavily wounded.
The orc warrior closely misses you. The gnoll hits you but does no damage.
The orc warrior hits you with a +0 war axe!!
* * * LOW HITPOINT WARNING * * *
You punch the orc warrior! You tail-slap the orc warrior.
You kill the orc warrior!
The Council accepts your kill.
You are too berserk!
You punch the orc warrior!
The orc warrior is moderately wounded.
You hit the orc warrior.
The orc warrior is heavily wounded.
The orc warrior closely misses you.
The orc warrior hits you with a +0 broad axe!
* * * LOW HITPOINT WARNING * * *
The orc warrior barely misses you. The gnoll misses you.
You hit the orc warrior but do no damage.
The orc warrior is heavily wounded.
You spin and attack the orc warrior.
You barely miss the orc warrior.
You spin and attack the orc warrior repeatedly.
You closely miss the orc warrior.
The orc warrior is heavily wounded.
You hit the orc warrior.
The orc warrior is severely wounded.
You spin and attack the orc warrior repeatedly.
You punch the orc warrior!
The orc warrior is heavily wounded.
You hit the orc warrior but do no damage.
The orc warrior is heavily wounded.
You spin and attack the gnoll.
You punch the gnoll!
The gnoll is almost dead.
The orc warrior hits you with a +0 war axe!
You die...

....... ......o
..o.... #######
....g..##.....##
.......'.......#
......##.......##
..... #.........#
88.8
##...g.....## ##+
#....o@o....#
##...g.o...##
#...g.....#
##.......##
#.......#
##.....## ####'##
##.....##
#.......#


You could see 3 orc warriors and 3 gnolls.

Vanquished Creatures
  An orc knight (Bailey)
  Pikel (D:7)
  Sigmund (D:5)
  A steam dragon (D:7)
  Menkaure (D:5)
  A water moccasin (D:6)
  An acid dragon (D:8)
  Duvessa (D:5)
  7 orc warriors (Bailey)
  A black bear (D:4)
  5 ice beasts
  3 ogres
  A centaur (D:7)
  A lemure (D:7)
  2 kobold brigands
  2 phantoms
  3 elf zombies (Ossuary)
  2 gnoll sergeants
  2 scorpions
  A bullfrog (D:7)
  11 wights
  Dowan (D:5)
  3 howler monkeys
  6 jellies
  6 centaur zombies (Ossuary)
  3 human zombies (Ossuary)
  5 orc priests
  4 hounds
  3 orc wizards
  7 iguanas
  4 mummies
  25 gnolls
  10 adders
  3 shadow imps
  2 white imps
  5 dart slugs
  31 orcs
  5 bats
  9 endoplasms
  3 giant cockroaches
  19 goblins
  10 hobgoblins
  11 jackals
  4 quokkas
  8 ball pythons
  5 frilled lizards
  A goblin zombie (D:6)
  12 kobolds
  A kobold zombie (D:6)
  5 rats
  A butterfly (D:4)
261 creatures vanquished.

Vanquished Creatures (others)
  2 orcs (D:6)
  A plant (D:7)
3 creatures vanquished.

Grand Total: 264 creatures vanquished

Notes
Turn   | Place    | Note
-------+----------+-------------------------------------------
     0 | D:1      | Leeroy the Draconian Transmuter began the quest for the
                  | Orb.
     0 | D:1      | Reached XP level 1. HP: 16/16 MP: 3/3
   121 | D:1      | Reached XP level 2. HP: 13/23 MP: 5/5
   304 | D:1      | Reached skill level 4 in Unarmed Combat
   618 | D:1      | Reached XP level 3. HP: 28/28 MP: 6/6
   775 | D:2      | Found a bloodstained altar of Trog.
   846 | D:2      | Found a faded altar of an unknown god.
  1141 | D:2      | Reached XP level 4. HP: 35/35 MP: 7/7
  1146 | D:2      | Reached skill level 5 in Unarmed Combat
  1211 | D:3      | HP: 1/35 [gnoll/+0 whip (4)]
  1501 | D:3      | Identified the +11 quarterstaff "Oxyzull" {freeze, Str+4}
  1585 | D:3      | Found a stormy altar of Qazlal.
  1956 | D:3      | Reached XP level 5. HP: 40/40 MP: 8/8
  1965 | D:3      | Reached skill level 6 in Unarmed Combat
  2109 | D:3      | Learned a level 3 spell: Spider Form
  2410 | D:4      | Reached XP level 6. HP: 47/47 MP: 9/9
  2617 | D:4      | Reached skill level 7 in Unarmed Combat
  3023 | D:4      | Found a staircase to the Ecumenical Temple.
  3032 | Temple   | Entered the Ecumenical Temple
  3189 | Temple   | Became a worshipper of the Wu Jian Council
  3221 | D:4      | Found a hide-covered altar of Uskayaw.
  3230 | D:4      | Learned a level 4 spell: Ice Form
  3638 | D:4      | Reached skill level 8 in Unarmed Combat
  3638 | D:4      | Your scales start taking on a glossy black colour.
  3638 | D:4      | Reached XP level 7. HP: 41/52 MP: 10/10
  3638 | D:4      | Gained mutation: You are resistant to electric shocks.
                  | (rElec) [Black Draconian growth]
  3705 | D:5      | Entered Level 5 of the Dungeon
  3719 | D:5      | Noticed Sigmund
  3953 | D:5      | Killed Sigmund
  3954 | D:5      | Reached skill level 9 in Unarmed Combat
  4240 | D:5      | Noticed Menkaure
  4249 | D:5      | Killed Menkaure
  4407 | D:5      | Reached * piety under Wu Jian
  4494 | D:5      | Reached XP level 8. HP: 16/59 MP: 11/11
  4506 | D:5      | Noticed Dowan
  4518 | D:5      | Killed Dowan
  4519 | D:5      | Reached skill level 10 in Unarmed Combat
  4552 | D:5      | Noticed Duvessa
  4679 | D:5      | Found a broken altar of Ashenzari.
  4960 | D:5      | Killed Duvessa
  5035 | D:5      | Found a radiant altar of Vehumet.
  5134 | D:5      | Found a bloodstained altar of Trog.
  5265 | D:6      | Found Ymostrykhi's Weapon Shop.
  5321 | D:6      | Found a sand-covered staircase.
  5411 | Ossuary  | Entered an ossuary
  5699 | Ossuary  | Reached skill level 5 in Transmutations
  5987 | D:6      | Found Vuhigidghuru's Antique Armour Shoppe.
  6064 | D:6      | Reached XP level 9. HP: 64/64 MP: 12/12
  6326 | D:6      | Reached ** piety under Wu Jian
  6352 | D:6      | Found Jeavin Xusy's Antique Armour Boutique.
  6359 | D:6      | Found Ere Rit's Magic Scroll Shoppe.
  6491 | D:6      | Found Qetzaos's Antique Armour Emporium.
  7873 | D:7      | Noticed Pikel
  7894 | D:7      | Killed Pikel
  7895 | D:7      | Reached skill level 11 in Unarmed Combat
  8031 | D:7      | Reached XP level 10. HP: 69/69 MP: 13/13
  8610 | D:7      | Found a shimmering blue altar of Sif Muna.
  8959 | D:7      | Reached skill level 12 in Unarmed Combat
  9438 | D:8      | Reached *** piety under Wu Jian
  9564 | D:8      | Found an iron altar of Okawaru.
  9573 | D:8      | Identified 2 scrolls of acquirement
  9579 | D:8      | Acquired the +0 pair of gloves "Doabas" {rC- rN+++ Dex-2
                  | Stlth+}
  9581 | D:8      | Acquired 1031 gold pieces
  9750 | D:8      | Found a flagged portal.
  9763 | Bailey   | Entered a bailey
  9918 | Bailey   | Learned a level 2 spell: Wereblood
 10362 | Bailey   | Noticed an orc knight
 10398 | Bailey   | Noticed an orc knight
 10417 | Bailey   | Killed an orc knight
 10418 | Bailey   | Reached skill level 13 in Unarmed Combat
 10427 | Bailey   | Slain by an orc warrior

Illustrated notes

Levels and vault maps discovered:
D:1:      nzn_arrival_crosshair, layout_loops_ring
D:2:      layout_basic, shapermc_ecumenical_altar_mp_ritualfount, basic_altar
D:3:      layout_loops_cross, mainiacjoe_overflow_surrounded_room
D:4:      layout_gridville, lemuel_crystal_altar,
          minmay_temple_entry_butterflies
D:5:      layout_cave_pools, ashenzari_conservatory_becter, trog_book,
          mainiacjoe_overflow_brackets, grunt_ministairs_1, uniq_menkaure,
          uniq_duvessa, uniq_sigmund
D:6:      minmay_razor_zed, layout_basic, serial_shops,
          nicolae_shop_temple_entry_statues_fountains, shop, shop,
          nicolae_shop_temple_entry_statues_fountains, nicolae_square_shop,
          nicolae_ossuary_entry_giza, chequers_serial_rivers_small_a
D:7:      layout_basic, mainiacjoe_overflow_concentric_impassable,
          serial_bayou_crossing, uniq_pikel
D:8:      layout_gridville, mainiacjoe_overflow_24_doors, enter_bailey_5,
          minmay_crystal_water, grunt_decor_mini_mirrors, minivault_25
Temple:   hellmonk_temple_beads
Bailey:   bailey_axe_minmay_hex_keep, bailey

Skill      XL: |  1  2  3  4  5  6  7  8  9 10 |
---------------+-------------------------------+-----
Unarmed Combat | 4 5 6 8 9 10 11 13 | 13.3
Transmutations | 6 9 |  9.1
Fighting       | |  1.1
Short Blades   | |  0.3
Long Blades    | |  0.3
Axes           | |  0.4
Maces & Flails | |  0.3
Polearms       | |  0.3
Ranged Weapons | |  0.4
Dodging        | |  1.7
Shields        | |  0.3
Spellcasting   | |  2.0
Conjurations   | |  0.5
Hexes          | |  0.3
Summonings     | |  0.3
Necromancy     | |  0.7
Translocations | |  0.3
Fire Magic     | |  0.3
Air Magic      | |  0.5
Earth Magic    | |  0.2
Invocations    | |  0.5

Action                   |  1- 3 |  4- 6 |  7- 9 | 10-12 || total
-------------------------+-------+-------+-------+-------++-------
Melee: Unarmed           |   134 |   189 |   344 |   210 ||   877
       Tailslap          |    16 |    16 |    44 |    21 ||    97
       Punch             |     1 |       |       |       ||     1
       Kick              |       |     5 |       |       ||     5
       Headbutt          |       |     5 |       |       ||     5
 Cast: Beastly Appendage |       |     2 |     1 |       ||     3
       Spider Form       |       |     1 |     2 |     2 ||     5
       Ice Form          |       |       |     1 |       ||     1
Invok: Lunge             |       |     2 |    15 |    16 ||    33
       Whirlwind         |       |       |     4 |    26 ||    30
       Serpent's Lash    |       |       |       |     1 ||     1
 Abil: Wall Jump         |       |       |       |     1 ||     1
Evoke: Wand              |       |       |     1 |       ||     1
  Use: Potion            |       |       |     5 |     1 ||     6
       Scroll            |       |       |     1 |    15 ||    16
 Stab: Sleeping          |     1 |     1 |     1 |       ||     3
Armor: Skin              |    49 |    53 |   188 |    46 ||   336
Dodge: Dodged            |    94 |   103 |   189 |    99 ||   485

Table legend: (Time is in decaauts)
 A = Elapsed time spent in this place.
 B = Non-inter-level travel time spent in this place.
 C = Inter-level travel time spent in this place.
 D = Time resting spent in this place.
 E = Time spent auto-exploring this place.
 F = Levels seen in this place.
 G = Mean time per level.
                   A        B        C        D        E       F      G
               +--------+--------+--------+--------+--------+-----+--------+
         Total |  10849 |  10202 |    647 |   4244 |   4079 |  11 |  986.3 |
       Dungeon |   9462 |   8886 |    576 |   3298 |   3909 |   8 | 1182.8 |
        Temple |    172 |    101 |     71 |      0 |     90 |   1 |  172.0 |
       Ossuary |    531 |    531 |      0 |    407 |     51 |   1 |  531.0 |
        Bailey |    683 |    683 |      0 |    538 |     29 |   1 |  683.0 |
               +--------+--------+--------+--------+--------+-----+--------+

Top non-repeatable levels by time:
     D:6: 2288 daAuts
     D:4: 1923 daAuts
     D:7: 1393 daAuts
     D:5: 1165 daAuts
     D:3: 958 daAuts
     D:1: 769 daAuts
  Bailey: 683 daAuts
 Ossuary: 531 daAuts
     D:2: 509 daAuts
     D:8: 454 daAuts
  Temple: 172 daAuts
